[Event "*** Titled Tuesday Blitz"]
[Site "Chess.com"]
[Date "2021.04.20"]
[Round "4"]
[White "hansen"]
[Black "grzechu96"]
[Result "0-1"]
[WhiteElo "2819"]
[BlackElo "2686"]
[TimeControl "180+1"]
[EndTime "10:37:57 PDT"]
[Termination "grzechu96 won on time"]

1. e4 e5 2. Nf3 Nc6 3. Bb5 a6 4. Ba4 Nf6 5. O-O Be7 6. Re1 b5 7. Bb3 d6 8. c3 O-O 9. h3 Nb8 10.
d4 Nbd7 11. Nbd2 Bb7 12. Bc2 c5 13. d5 c4 14. Nf1 Qc7 15. Ng3 g6 16. Bh6 Rfb8 17.
Nh4 a5 18. Qd2 b4 19. Nhf5 Bd8 20. f4 Ba6 21. fxe5 Nxe5 22. Nd4 bxc3 23. bxc3 Rb2 24.
Rf1 Rab8 25. Kh1 Bb5 26. Qf4 Be8 27. Rf2 Nd3 28. Bxd3 cxd3 29. Rxb2 Rxb2 30. Bg5 Qxc3 31. Bxf6 Bxf6 32. Qxf6 Rb4 33. Rf1 Qxd4 34. Qd8 Qe5 35. Kh2 d2 36. Qxa5 Rd4 37. Rd1 Rd3 0-1

[Event "*** Titled Tuesday Blitz"]
[Site "Chess.com"]
[Date "2021.04.20"]
[Round "4"]
[White "crescentmoon2411"]
[Black "Artyom_ChessMate"]
[Result "1-0"]
[WhiteElo "2825"]
[BlackElo "2542"]
[TimeControl "180+1"]
[EndTime "10:37:57 PDT"]
[Termination "crescentmoon2411 won by resignation"]

1. e4 e5 2. Nf3 Nc6 3. Bb5 a6 4. Ba4 Nf6 5. d3 b5 6. Bb3 Be7 7. Nc3 O-O 8. O-O d6 9. a3 Be6 10. Bg5 Nd4 11. Nxd4 exd4 12. Bxf6 Bxf6 13. Nd5 c5 14. f4 Rc8 15. Qe2 Re8 16. Kh1 Bxd5 17. Bxd5 Qc7 18. b3 Qd7 19. a4 c4 20. bxc4 bxc4 21.
Bxc4 Rxc4 22. dxc4 d3 23. cxd3 Bxa1 24. Rxa1 a5 25.
h3 Rb8 26. Qc2 Rb4 27. c5 dxc5 28. Qxc5 h6 29. Qxa5 Rd4 30. Qb5 Qd6 31. Qe8+ Kh7 32. Qxf7 Rxd3 33. Qf5+ Kg8 34. Rc1 Rd1+ 35. Rxd1 Qxd1+ 36.
Kh2 Qxa4 37. e5 Qb5 38. Qe4 Kf7 39. h4 Qf1 40. Qf5+ Ke7 41. e6 Qa1 42. Qf7+ Kd6 43. e7 1-0

[Event "*** Titled Tuesday Blitz"]
[Site "Chess.com"]
[Date "2021.04.20"]
[Round "4"]
[White "Valeron87"]
[Black "pirulillo"]
[Result "0-1"]
[WhiteElo "2392"]
[BlackElo "2227"]
[TimeControl "180+1"]
[EndTime "10:37:57 PDT"]
[Termination "pirulillo won on time"]

1. e4 c5 2. Nf3 e6 3. d4 cxd4 4.
Nxd4 Nf6 5. Nc3 Nc6 6. a3 d6 7. Be3 Be7 8. Be2 O-O 9. f4 a6 10. g4 Qc7 11. g5 Nd7 12. Qd2 b5 13. Nxc6 Qxc6 14. O-O-O Bb7 15. Rhf1 Rfc8 16. f5 Bf8 17. g6 hxg6 18. fxe6 fxe6 19. Bg4 Re8 20. Bg5 Ne5 21. Qf4 Qc7 22. h4 Rac8 23. h5 Nxg4 24. Qxg4 gxh5 25. Qxh5 Bxe4 26. Rf2 Bf5 27. Rh1 Qc6 28. Kb1 a5 29. Rhh2 b4 30. axb4 axb4 31. Rxf5 exf5 32. Qh7+ Kf7 33.
Qxf5+ Kg8 0-1

[Event "*** Titled Tuesday Blitz"]
[Site "Chess.com"]
[Date "2021.04.20"]
[Round "4"]
[White "FMJoseHerrera"]
[Black "IljaJoke"]
[Result "0-1"]
[WhiteElo "2631"]
[BlackElo "2498"]
[TimeControl "180+1"]
[EndTime "10:37:59 PDT"]
[Termination "IljaJoke won by resignation"]

1. Nf3 d5 2. g3 g6 3. Bg2 Bg7 4. d3 Nf6 5. Nc3 d4 6. Nb1 O-O 7. h4 Nc6 8. h5 Nxh5 9. Bg5 f6 10. Bd2 e5 11. Qc1 Be6 12. Bh6 Qd7 13. Bxg7 Qxg7 14. Nbd2 f5 15. Ng5 Qe7 16. Nxe6 Qxe6 17. Bf3 Nf6 18. Nb3 e4 19. Bg2 Rae8 20. Qd2 e3 21. fxe3 Qxe3 22. Qxe3 Rxe3 23. Bxc6 bxc6 24. Nxd4 Rxg3 25.
Kf2 f4 26. Rag1 c5 27. Ne6 Ng4+ 28. Ke1 Rf6 29. Nxc5 Rxg1+ 30. Rxg1 h5 31. Ne4 Rf5 32. c4 Kg7 33. b4 Ne3 34. Kf2 Kh6 35. a4 g5 36. c5 g4 37. b5 Nc2 38. Rc1 g3+ 39. Kg2 Nd4 40. e3 fxe3 41. Nxg3 Rg5 42. Kh3 Rxg3+ 43. Kxg3 Ne2+ 44. Kf3 Nxc1 45. Kxe3 Nb3 46. d4 Kg5 47. c6 Kf5 48. Kd3 h4 49. Kc4 h3 50.
Kxb3 h2 51. a5 h1=Q 52. b6 Qd5+ 53. Kb4 cxb6 54. c7 Qxd4+ 55. Kb5 Qc5+ 56. Ka6 Qxc7 0-1

[Event "*** Titled Tuesday Blitz"]
[Site "Chess.com"]
[Date "2021.04.20"]
[Round "4"]
[White "Volodar_Murzin"]
[Black "FGHSMN"]
[Result "1-0"]
[WhiteElo "2720"]
[BlackElo "2490"]
[TimeControl "180+1"]
[EndTime "10:38:00 PDT"]
[Termination "Volodar_Murzin won on time"]

1. e4 c5 2. Nf3 e6 3. g3 Nc6 4.
Bg2 Nf6 5. Qe2 d6 6. O-O Be7 7. Rd1 O-O 8. d4 cxd4 9. Nxd4 Nxd4 10. Rxd4 Bd7 11. c4 Qc7 12. Nc3 a6 13. Bd2 Rac8 14.
b3 Qb8 15. a4 Rfd8 16. a5 Bc6 17.
Be3 Nd7 18. Rdd1 Nc5 19. Qc2 Bf6 20. Bd4 Bxd4 21. Rxd4 e5 22. Rd2 b6 23. Bh3 Rc7 24.
b4 Ne6 25. Bxe6 fxe6 26. Qb2 bxa5 27. Rxa5 Rb7 28. b5 axb5 29. cxb5 d5 30. exd5 exd5 31. Qa2 Bxb5 32. Rxd5 Rxd5 33. Qxd5+ Kh8 34. Rxb5 1-0

[Event "*** Titled Tuesday Blitz"]
[Site "Chess.com"]
[Date "2021.04.20"]
[Round "4"]
[White "IANOV0007"]
[Black "picturesquecheck"]
[Result "1-0"]
[WhiteElo "2460"]
[BlackElo "2298"]
[TimeControl "180+1"]
[EndTime "10:38:00 PDT"]
[Termination "IANOV0007 won by checkmate"]

1. Nf3 c5 2. g3 Nc6 3. Bg2 g6 4. O-O Bg7 5. c4 Nf6 6. Nc3 O-O 7. d4 cxd4 8. Nxd4 Qb6 9. Nb3 d6 10. Be3 Qc7 11. c5 dxc5 12. Nxc5 Rd8 13. Qc1 Bf5 14. Rd1 Rac8 15. Rxd8+ Rxd8 16. a3 b6 17. Na6 Qc8 18.
Nb4 Ne5 19. Ncd5 Nxd5 20. Nxd5 Kf8 21. Bg5 f6 22. Bf4 Nc4 23. b3 Na5 24. b4 Nb3 25.
Qxc8 Rxc8 26. Re1 e6 27. Bd6+ Kf7 28. Ne7 Rd8 29. Nxf5 gxf5 30. Bc7 Rd7 31. Bb8 Nd4 32. Kf1 Nc2 33. Rc1 Nxa3 34. Bc6 Rd4 35. b5 Bh6 36. Ra1 Nc2 37. Rxa7+ Kg6 38. h4 f4 39. g4 Rd1+ 40. Kg2 Ne1+ 41. Kh3 f5 42. g5 Bf8 43. Be8# 1-0

[Event "*** Titled Tuesday Blitz"]
[Site "Chess.com"]
[Date "2021.04.20"]
[Round "4"]
[White "crazy_but_lazy"]
[Black "Phenix2k"]
[Result "1-0"]
[WhiteElo "2435"]
[BlackElo "2251"]
[TimeControl "180+1"]
[EndTime "10:38:01 PDT"]
[Termination "crazy_but_lazy won on time"]

1. d4 Nf6 2. c4 e6 3. Nc3 Bb4 4. e3 O-O 5. Bd2 d5 6. Nf3 a5 7. Rc1 b6 8. cxd5 exd5 9. Bd3 Ba6 10. Bxa6 Nxa6 11. O-O Re8 12. Ne5 Bd6 13. f4 c5 14.
Be1 c4 15. Bh4 Be7 16. Qf3 Nc7 17. Nc6 Qd6 18. Nxe7+ Rxe7 19. Bxf6 gxf6 20. Qg4+ Kh8 21.
Rf3 Rg8 22. Qf5 Rg6 23. Rh3 Qe6 24. Qh5 Rg7 25. Kf2 f5 26. Rg1 Ne8 27. g4 fxg4 28. f5 Qd6 29. Rhg3 Nf6 30. Qh4 Ne4+ 31. Nxe4 Rxe4 32. h3 Qd7 33. hxg4 Qe8 34. Qf6 b5 35.
Rh1 b4 36. Rgh3 1-0

[Event "*** Titled Tuesday Blitz"]
[Site "Chess.com"]
[Date "2021.04.20"]
[Round "4"]
[White "CraiggoryC"]
[Black "Serly25"]
[Result "0-1"]
[WhiteElo "2196"]
[BlackElo "1957"]
[TimeControl "180+1"]
[EndTime "10:38:02 PDT"]
[Termination "Serly25 won on time"]

1. e4 e6 2. d4 d5 3. e5 c5 4. c3 Nc6 5. Nf3 Bd7 6. Be2 Rc8 7. O-O Qb6 8. dxc5 Bxc5 9. b4 Be7 10. Bd3 f5 11. exf6 Nxf6 12. Re1 O-O 13. Be3 Qc7 14. b5 Nd8 15. Bd4 Nf7 16. Ne5 Nxe5 17. Bxe5 Qb6 18.
Nd2 Bc5 19. Qe2 a6 20. Rab1 axb5 21. Nf3 Bc6 22. Bxb5 Bxb5 23. Rxb5 Qa7 24. Nd4 Ne4 25. Rxc5 Qxc5 26. Nxe6 Qxf2+ 27. Qxf2 Rxf2 28. Rxe4 dxe4 29. Kxf2 Re8 30. Bxg7 Rxe6 31. Bd4 Kf7 32. Ke3 b5 33. a3 Kg6 34. g4 Kg5 35. h3 h5 36. gxh5 Kxh5 37.
Bc5 Kh4 38. Kd4 e3 0-1

[Event "*** Titled Tuesday Blitz"]
[Site "Chess.com"]
[Date "2021.04.20"]
[Round "4"]
[White "Cptn2"]
[Black "PavelChernomordik"]
[Result "1/2-1/2"]
[WhiteElo "2603"]
[BlackElo "2383"]
[TimeControl "180+1"]
[EndTime "10:38:03 PDT"]
[Termination "Game drawn by repetition"]

1. e4 g6 2. d4 Bg7 3. Nf3 d6 4. h3 Nf6 5. Bd3 c5 6. e5 dxe5 7. dxe5 Nd5 8. Bb5+ Nc6 9. Bxc6+ bxc6 10. O-O O-O 11.
Nbd2 Ba6 12. c4 Nb4 13. b3 Nd3 14. Ne4 Nxe5 15. Nxe5 Bxe5 16. Rb1 Bd4 17. Be3 Bc8 18.
Nxc5 Bxe3 19. fxe3 Qb6 20. b4 a5 21. a3 axb4 22.
axb4 Bf5 23. e4 Bxe4 24. Rb3 Ra2 25. Rf2 Rd8 26. Qxd8+ Qxd8 27. Rxa2 Qd1+ 28. Kh2 Bf5 29. Rab2 Qd4 30. b5 cxb5 31. cxb5 Qxc5 32. b6 Bc8 33. b7 Bxb7 34. Rxb7 Qe5+ 35. Kh1 Kg7 36. R2b5 Qe1+ 37. Kh2 h5 38. Rd5 h4 39. Rdd7 Kf6 40. Rb6+ Kg7 41.
Rbb7 Qe5+ 42. Kh1 Qe1+ 43. Kh2 1/2-1/2

[Event "*** Titled Tuesday Blitz"]
[Site "Chess.com"]
[Date "2021.04.20"]
[Round "4"]
[White "Manukyan_Artak"]
[Black "Harry_Rakkel"]
[Result "0-1"]
[WhiteElo "2412"]
[BlackElo "2603"]
[TimeControl "180+1"]
[EndTime "10:38:03 PDT"]
[Termination "Harry_Rakkel won on time"]

1. e4 c5 2. Nf3 e6 3. c3 Nf6 4.
e5 Nd5 5. d4 cxd4 6. cxd4 d6 7.
Nc3 dxe5 8. Nxe5 Nc6 9. Bb5 Bd7 10. Nxd7 Qxd7 11. O-O Be7 12. Be3 O-O 13. Nxd5 Qxd5 14. Qd3 Rfd8 15. Rfd1 Bf6 16. Rac1 Nxd4 17. Bc4 Qh5 18.
Bxd4 Bxd4 19. Qe2 Qxe2 20. Bxe2 Bxb2 21. Rxd8+ Rxd8 22. Rd1 Bd4 23. Kf1 e5 24. Rc1 g6 25.
Rc7 Rd6 26. Rxb7 Rc6 27. Bd3 f5 28. f3 Rc3 29. Ke2 h5 30. Rb3 Rc6 31. Rb7 Rc1 32. Rb1 Rc7 33. g4 hxg4 34. fxg4 e4 35. Bb5 Rc2+ 36. Kd1 Rxh2 37. gxf5 gxf5 38. Bd7 f4 39. Rb4 Be3 40. Rxe4 Kg7 0-1

[Event "*** Titled Tuesday Blitz"]
[Site "Chess.com"]
[Date "2021.04.20"]
[Round "4"]
[White "HanSchut"]
[Black "lucachess49"]
[Result "0-1"]
[WhiteElo "2268"]
[BlackElo "2442"]
[TimeControl "180+1"]
[EndTime "10:38:03 PDT"]
[Termination "lucachess49 won by resignation"]

1. e4 e5 2. Nf3 Nc6 3. Bc4 Nf6 4. d4 exd4 5. e5 d5 6. Bb5 Ne4 7. Nxd4 Bc5 8. Be3 O-O 9. Nxc6 bxc6 10. Bxc5 Nxc5 11.
Bxc6 Rb8 12. Qxd5 Qxd5 13. Bxd5 Ba6 14. Nc3 Rxb2 15. O-O-O Rb4 16. g3 Rfb8 17. a3 R4b6 18. Ba2 Bb7 19. Rhe1 Bf3 20. Rd2 a5 21. Re3 Bc6 22.
f4 a4 23. Nd5 Bxd5 24. Rxd5 Ne6 25. Rd7 Rb2 26. Bxe6 fxe6 27. Rc3 Rb1+ 28. Kd2 Rh1 29. Rcxc7 Rxh2+ 30. Kd3 g6 31. Rg7+ Kh8 32. Rgd7 Kg8 33. c4 Rb3+ 34. Kd4 Rd2+ 35. Kc5 Rxd7 36. Rxd7 Rxa3 37.
Kd6 Rc3 38. Kxe6 Rxc4 39. Kf6 Rc8 40. e6 Rf8+ 41. Ke5 Ra8 42. Kf6 Rf8+ 43. Ke5 Ra8 44. Kf6 a3 45. e7 Ra6+ 46. Rd6 Rxd6+ 47. Ke5 Kf7 48. Kxd6 Ke8 0-1

[Event "*** Titled Tuesday Blitz"]
[Site "Chess.com"]
[Date "2021.04.20"]
[Round "4"]
[White "kai_nov"]
[Black "jraosam"]
[Result "1-0"]
[WhiteElo "2319"]
[BlackElo "1892"]
[TimeControl "180+1"]
[EndTime "10:38:04 PDT"]
[Termination "kai_nov won by checkmate"]

1. d4 d5 2. c4 e6 3. Nc3 Nf6 4. cxd5 exd5 5. Bg5 c6 6. e3 Be7 7. Bd3 h6 8. Bf4 Nbd7 9. h3 O-O 10. Nf3 Re8 11. Qc2 b6 12. O-O-O Bb7 13. g4 c5 14. g5 hxg5 15. Nxg5 c4 16. Bf5 Nf8 17. Rhg1 g6 18. Nxf7 Kxf7 19. Bxg6+ Nxg6 20. Qxg6+ Ke6 21. e4 Kd7 22.
Qf5+ Kc6 23. Qe6+ Bd6 24. exd5+ Nxd5 25. Qxd5+ Kc7 26. Nb5+ Kb8 27. Bxd6+ Kc8 28. Qf5+ Qd7 29. Qxd7+ Kxd7 30. Rg7+ Kc6 31. Rc7+ Kxb5 32. Rxb7 Re2 33. Bg3 Rh8 34. d5 Rxh3 35. d6 c3 36. bxc3 Rh5 37. d7 Rc5 38. d8=Q Rxc3+ 39. Kb1 Rcc2 40. Qd3+ Ka4 41.
Qxc2+ Rxc2 42. Kxc2 b5 43. Rxa7+ Kb4 44. Bd6+ Kc4 45.
a4 b4 46. Bxb4 Kxb4 47. Rc7 Ka5 48. Rd8 Kb6 49. Rdc8 Ka5 50. Rb8 Ka6 51. Rd7 Ka5 52. Ra7# 1-0

[Event "*** Titled Tuesday Blitz"]
[Site "Chess.com"]
[Date "2021.04.20"]
[Round "4"]
[White "esteban062000"]
[Black "ybruned"]
[Result "0-1"]
[WhiteElo "2159"]
[BlackElo "2328"]
[TimeControl "180+1"]
[EndTime "10:38:05 PDT"]
[Termination "ybruned won by resignation"]

1. Nf3 b6 2. e4 Bb7 3. Nc3 e6 4. d4 Bb4 5. Bd3 Nf6 6. e5 Nd5 7. Bd2 Nxc3 8. bxc3 Be7 9. O-O d6 10. a4 a5 11. Re1 O-O 12. exd6 cxd6 13. Qe2 Nd7 14.
Rab1 Bc6 15. Bb5 Qc7 16. Bxc6 Qxc6 17. Rb5 Nf6 18. Reb1 Bd8 19. Re1 Rc8 20. Qd3 Nd5 21.
Ng5 Bxg5 22. Bxg5 Qxc3 23. Qxc3 Rxc3 24. Rb2 Rfc8 25. Rc1 R3c4 26. f4 h6 27. Bh4 Rxd4 28. Bf2 Rxa4 29. f5 Rb4 30. Rxb4 axb4 31. fxe6 fxe6 32.
Kf1 b3 33. c4 Rxc4 34. Rb1 Rc3 35. Bd4 Rd3 36. Ba1 e5 37. Ke2 e4 38. Bb2 Nf4+ 39.
Ke1 Nxg2+ 40. Kf1 Nf4 41. Kf2 d5 42. Ke1 Ne6 43. Kf2 Nc5 44. Ke2 Na4 45. Ba1 Nc5 46. Bb2 Kf7 47. Rg1 g5 48. Rf1+ Ke7 49. Bf6+ Ke6 50.
Bb2 Rf3 51. Rxf3 exf3+ 52. Kxf3 Ne4 53. Bg7 b5 54. Ke3 Kf7 55. Bb2 Ke6 56. Kd4 Nd6 57. Kc5 Nc4 58. Bd4 b2 59. Bxb2 Nxb2 60. Kxb5 Ke5 61.
Kb4 Ke4 62. Kc3 d4+ 63. Kxb2 Ke3 64. Kc1 Ke2 65. Kc2 d3+ 66. Kc3 d2 67. Kc4 d1=Q 68. h4 gxh4 69. Kc5 h3 70. Kc6 h2 71. Kc7 h1=Q 0-1

[Event "*** Titled Tuesday Blitz"]
[Site "Chess.com"]
[Date "2021.04.20"]
[Round "4"]
[White "Anna_ChessMate"]
[Black "GMSrinath"]
[Result "0-1"]
[WhiteElo "2551"]
[BlackElo "2854"]
[TimeControl "180+1"]
[EndTime "10:38:06 PDT"]
[Termination "GMSrinath won by checkmate"]

1. d4 Nf6 2. c4 e6 3. Nf3 d5 4. Nc3 dxc4 5. e4 b5 6. e5 Nd5 7. Nxb5 Nb6 8. Be3 Nc6 9. Be2 Be7 10. O-O O-O 11. Rc1 Rb8 12. Nd2 a6 13.
Nc3 Nxd4 14. Bxc4 Bb7 15. Bd3 c5 16. Be4 Nd7 17. Nc4 Qc7 18. Bxb7 Qxb7 19. Bxd4 cxd4 20. Qxd4 Nc5 21. Nd6 Qb4 22. Ne2 Qxd4 23. Nxd4 Nd3 24. Rc7 Bd8 25. Rd7 Nxe5 26. Rb7 Bb6 27. Nb3 Nd3 28. Rxb8 Rxb8 29. Nc4 Ba7 30. g3 Rc8 31. Nbd2 h5 32. Kg2 Rd8 33. f4 Nb4 34. a3 Nc2 35. Rc1 Ne3+ 36. Kf3 Nf5 37. Ne4 Rd3+ 38. Kg2 Rd4 39.
b4 Rxe4 40. Ne5 Re2+ 41. Kf3 Nd4# 0-1

[Event "*** Titled Tuesday Blitz"]
[Site "Chess.com"]
[Date "2021.04.20"]
[Round "4"]
[White "Enriquack"]
[Black "stanyga"]
[Result "1-0"]
[WhiteElo "2475"]
[BlackElo "2609"]
[TimeControl "180+1"]
[EndTime "10:38:06 PDT"]
[Termination "Enriquack won on time"]

1. e4 e5 2. Nf3 Nc6 3. Bb5 a6 4. Ba4 Bc5 5. O-O Nge7 6. c3 b5 7. Bc2 d6 8. d4 Bb6 9. h3 O-O 10. a4 Rb8 11. Na3 bxa4 12. Nc4 Ng6 13. Bxa4 Bd7 14.
dxe5 dxe5 15. Qd5 Nge7 16. Qd3 f6 17. Nxb6 cxb6 18. Rd1 Be6 19. Qxa6 Qc7 20. Be3 Na5 21. Qb5 Kh8 22. Nd2 Rfd8 23. Bc2 Nec6 24. b4 Na7 25. Qa6 N5c6 26. Nc4 Rxd1+ 27. Bxd1 Nc8 28. Bg4 Nxb4 29. cxb4 Bxc4 30. Qa3 Nd6 31. Rc1 b5 32. f3 h6 33. Bc5 Kh7 34. Qe3 Nb7 35. Bf5+ g6 36.
Bg4 Nxc5 37. bxc5 Rd8 38. Ra1 h5 39. c6 1-0

[Event "*** Titled Tuesday Blitz"]
[Site "Chess.com"]
[Date "2021.04.20"]
[Round "4"]
[White "DFeco"]
[Black "alexgo05"]
[Result "0-1"]
[WhiteElo "2321"]
[BlackElo "2486"]
[TimeControl "180+1"]
[EndTime "10:38:06 PDT"]
[Termination "alexgo05 won by resignation"]

1. c4 Nf6 2. g3 e5 3. Bg2 c6 4.
d4 d6 5. dxe5 dxe5 6. Qxd8+ Kxd8 7. Nf3 Nbd7 8. O-O Kc7 9. Rd1 h6 10. Nc3 Bb4 11. Bd2 Re8 12. a3 Bf8 13. b4 Nb6 14. Nxe5 Rxe5 15. Bf4 Nbd7 16. c5 g5 17. Bxe5+ Nxe5 18. Rd4 Be6 19. Rad1 Re8 20. h3 Bg7 21. b5 Nfd7 22. bxc6 bxc6 23. Rd6 Nb8 24. Na4 Nc4 25. R6d3 Bf5 26. e4 Bxe4 27.
Bxe4 Rxe4 28. Rd8 Na5 29. Nc3 Bxc3 30. Rg8 Bd4 31. Rb1 Na6 32. Ra8 Bxc5 33. Rd1 Nb8 34. Rb1 Bb6 35. Kf1 Kb7 36. Rxb8+ Kxb8 37. Rd1 Kc7 38.
f3 Re3 39. Kg2 Rxa3 40. h4 Nc4 41.
Re1 Ne3+ 42. Kh3 f5 43. hxg5 hxg5 44. Rc1 Bd4 45. Rb1 g4+ 46. fxg4 fxg4+ 47. Kh4 Ra5 48. Rb7+ Kd6 49. Rd7+ Kc5 50. Rxd4 Nf5+ 51. Kxg4 Nxd4 52.
Kf4 Ne2+ 53. Kf3 Nxg3 54. Kxg3 Ra3+ 55. Kf4 Rd3 56. Ke4 Rd8 57. Ke3 a5 58. Ke4 a4 59. Ke5 a3 60. Ke6 Rd1 61. Ke7 a2 62. Kf7 a1=Q 63. Kg6 Rg1+ 64. Kf5 Qf1+ 65. Ke6 Qe2+ 66.
Kd7 Rg7+ 67. Kd8 Qd2+ 0-1

[Event "*** Titled Tuesday Blitz"]
[Site "Chess.com"]
[Date "2021.04.20"]
[Round "4"]
[White "ZAbdumalik"]
[Black "HackingKid98"]
[Result "1-0"]
[WhiteElo "2636"]
[BlackElo "2468"]
[TimeControl "180+1"]
[EndTime "10:38:07 PDT"]
[Termination "ZAbdumalik won on time"]

1. e4 c6 2. d4 d5 3. Nd2 dxe4 4.
Nxe4 Bf5 5. Ng3 Bg6 6. h4 h6 7. Nh3 e6 8. Nf4 Bh7 9. Be3 Nf6 10. Bd3 Bxd3 11. Qxd3 Bd6 12. O-O Qc7 13. Nfh5 Bxg3 14.
Nxg3 Nbd7 15. c4 O-O-O 16. b4 g5 17. h5 Ne5 18. Qa3 Nxc4 19. Qxa7 Nd5 20. Ne4 b5 21. Qa8+ Kd7 22. Nc5+ Ke7 23. Qb7 Qxb7 24. Nxb7 Ra8 25. Bc1 Ra4 26. f4 gxf4 27. Bxf4 Nxf4 28. Rxf4 Rha8 29.
Raf1 f5 30. g4 Ne3 31. Re1 Nxg4 32. Nc5 Rxa2 33. Rxe6+ Kd8 34. Rxf5 Ra1+ 35. Kg2 R8a2+ 36. Kf3 Rf2+ 37. Ke4 Re1+ 38. Kd3 Rxe6 39. Nxe6+ Ke7 40. Nf4 Rf3+ 41. Ke2 Re3+ 42. Kd2 Re4 43. Ne2 Ke6 44. Rf8 Kd6 45. Rg8 Nf6 46. Rg6 Ke6 47. Rxh6 Kf5 48.
Ng3+ Kg5 49. Rxf6 Rg4 50. Rg6+ 1-0

[Event "*** Titled Tuesday Blitz"]
[Site "Chess.com"]
[Date "2021.04.20"]
[Round "4"]
[White "RiskyDecision"]
[Black "ARMQUEEN"]
[Result "1-0"]
[WhiteElo "2437"]
[BlackElo "2235"]
[TimeControl "180+1"]
[EndTime "10:38:07 PDT"]
[Termination "RiskyDecision won by checkmate"]

1. d4 Nf6 2. c4 c5 3. d5 e6 4. Nc3 exd5 5. cxd5 d6 6. Nf3 g6 7. Bf4 a6 8. a4 Bg7 9. e3 O-O 10. Be2 Nbd7 11. O-O Ne8 12. a5 f5 13. h3 Qe7 14.
Nd2 Ne5 15. Bh2 Nf6 16. f4 Nf7 17. Nc4 Bd7 18. Re1 Ne4 19. Nxe4 fxe4 20. g4 Bb5 21.
Rb1 Rad8 22. b4 cxb4 23. Rxb4 Rc8 24. Qd2 Qc7 25. Rc1 h6 26. Rc2 g5 27. Na3 Qxa5 28.
Bxb5 Qxa3 29. Rbc4 Rxc4 30. Bxc4 b5 31. Bf1 gxf4 32.
Bxf4 Ra8 33. Rc7 b4 34. Qc2 b3 35. Qxe4 b2 36. Bd3 Qa1+ 37. Kg2 Qe1 38. Qh7+ Kf8 39.
Bxd6+ Nxd6 40. Qxg7+ Ke8 41. Qe7# 1-0

[Event "*** Titled Tuesday Blitz"]
[Site "Chess.com"]
[Date "2021.04.20"]
[Round "4"]
[White "TimofeevAr"]
[Black "Zq1"]
[Result "1-0"]
[WhiteElo "2830"]
[BlackElo "2547"]
[TimeControl "180+1"]
[EndTime "10:38:08 PDT"]
[Termination "TimofeevAr won on time"]

1. c4 e6 2. b3 d5 3. Bb2 Nf6 4. Nf3 Be7 5. g3 O-O 6. Bg2 c5 7. cxd5 Nxd5 8. O-O Nc6 9. d4 Bf6 10. e4 Ndb4 11. a3 Na6 12. e5 Be7 13. Qe2 Qb6 14. Nbd2 Nxd4 15. Bxd4 cxd4 16. b4 Bd7 17. Nc4 Bb5 18.
Nxb6 Bxe2 19. Nxa8 Bxf1 20. Kxf1 Rxa8 21. Nxd4 Rd8 22. Nb5 Nb8 23. Bxb7 f6 24. Re1 Kf7 25. exf6 gxf6 26. Ke2 a6 27. Nc3 Rd7 28. Bg2 Rc7 29. Kd3 Nd7 30. f4 Nb6 31. Ne4 Nc4 32. Ra1 Nb2+ 33. Ke3 f5 34. Ng5+ Bxg5 35. fxg5 Nc4+ 36. Kd4 e5+ 37. Kd5 Ne3+ 38. Kd6 Rc2 39. Bb7 e4 40. Bxa6 Rxh2 41. a4 Nc2 42. Rb1 Rd2+ 43. Ke5 e3 44. Kxf5 e2 45. Bxe2 Nd4+ 46. Ke5 Nxe2 47.
Rb3 Nd4 48. Rc3 Ne2 49. Rc7+ Kg6 50. b5 Ra2 51. Rc4 1-0

[Event "*** Titled Tuesday Blitz"]
[Site "Chess.com"]
[Date "2021.04.20"]
[Round "4"]
[White "Shahaliyev"]
[Black "platy3"]
[Result "0-1"]
[WhiteElo "2681"]
[BlackElo "2849"]
[TimeControl "180+1"]
[EndTime "10:38:09 PDT"]
[Termination "platy3 won by resignation"]

1. e4 c5 2. Nf3 e6 3. d4 cxd4 4. Nxd4 Nc6 5. Nc3 Qc7 6. g3 a6 7. Bg2 Nf6 8. O-O Nxd4 9. Qxd4 Bc5 10. Qd1 d6 11. Bg5 Nd7 12. Na4 Ba7 13. c4 Ne5 14. Rc1 O-O 15. b3 h6 16. Bd2 Rd8 17. Qe2 Bd7 18. Nc3 Rac8 19. Be3 Bxe3 20. Qxe3 Qa5 21.
Rfd1 Bc6 22. h3 b5 23. cxb5 axb5 24. f4 Ng6 25. Rc2 Bb7 26. Rdc1 Rc7 27. b4 Qa6 28. Ne2 Rxc2 29. Rxc2 Qa4 30. Qd2 Qa7+ 31. Kh2 e5 32. f5 Ne7 33. Rc7 Nc6 34. Nc3 Qb8 35. Nd5 Nd4 36. Ne7+ Kf8 37. Qc3 Qa8 38. f6 Bxe4 39.
fxg7+ Kxg7 40. Bf1 Qxa2+ 41. Kg1 Nf3+ 0-1

[Event "*** Titled Tuesday Blitz"]
[Site "Chess.com"]
[Date "2021.04.20"]
[Round "4"]
[White "sokidze"]
[Black "AshotParvanyan"]
[Result "1-0"]
[WhiteElo "2755"]
[BlackElo "2521"]
[TimeControl "180+1"]
[EndTime "10:38:09 PDT"]
[Termination "sokidze won on time"]

1. d4 Nf6 2. g3 g6 3. Bg2 Bg7 4. e4 d6 5. Nc3 O-O 6. Nge2 e5 7. h3 Nc6 8. Be3 Bd7 9. O-O exd4 10. Nxd4 Re8 11. Re1 a6 12. a4 Qc8 13.
Kh2 Na5 14. Qd3 c5 15. Nf3 Bc6 16. Nd2 Nd7 17. f4 Qc7 18. Rab1 Rab8 19. Nd5 Bxd5 20. Qxd5 Nc6 21. c3 Nb6 22. Qa2 Nd7 23. Rbd1 b5 24. axb5 axb5 25. Nf1 c4 26. Bg1 Ra8 27. Qb1 b4 28.
Ne3 bxc3 29. Nd5 Qa5 30. bxc3 Nf6 31. Nxf6+ Bxf6 32. e5 Reb8 33. Qc1 dxe5 34. Bxc6 Ra6 35. fxe5 Bxe5 36. Rd5 Qxc3 37. Rdxe5 1-0

[Event "*** Titled Tuesday Blitz"]
[Site "Chess.com"]
[Date "2021.04.20"]
[Round "4"]
[White "Andreikka"]
[Black "scarabee43"]
[Result "1-0"]
[WhiteElo "2867"]
[BlackElo "2650"]
[TimeControl "180+1"]
[EndTime "10:38:09 PDT"]
[Termination "Andreikka won by resignation"]

1. e4 c5 2. Nf3 e6 3. d4 cxd4 4. Nxd4 Nc6 5. Nc3 Qc7 6. Be2 a6 7. O-O Nf6 8. Be3 Be7 9. Kh1 O-O 10. f4 d6 11. Bf3 Bd7 12. g4 Nxd4 13. Qxd4 e5 14. Qd1 exf4 15. Bxf4 Be6 16. g5 Nd7 17. Nd5 Bxd5 18. exd5 Ne5 19. Bg2 Ng6 20. Be3 f6 21.
gxf6 Bxf6 22. c3 Rae8 23. Qd2 Ne5 24. Bg1 Nc4 25. Qc2 Ne3 26. Bxe3 Rxe3 27. Rae1 Rfe8 28. Rxe3 Rxe3 29. Qf5 Re5 30. Qg4 Kh8 31. h3 h6 32.
Be4 Qe7 33. Bg6 Qd8 34. c4 Rg5 35. Qe4 Re5 36. Qc2 b6 37. Bf5 Qe7 38. Be6 Qb7 39. Qg2 Qe7 40. Qg6 Rxe6 41. dxe6 Qxe6 42. Qd3 b5 43. b3 bxc4 44. bxc4 Kg8 45. Qd5 Qxd5+ 46. cxd5 Kf7 47. Kg2 Ke7 48. Kf3 Be5 49. Kg4 g6 50. h4 h5+ 51. Kg5 Bf6+ 52. Rxf6 1-0

[Event "*** Titled Tuesday Blitz"]
[Site "Chess.com"]
[Date "2021.04.20"]
[Round "4"]
[White "GMJustin"]
[Black "halldorgretar"]
[Result "1-0"]
[WhiteElo "2309"]
[BlackElo "2136"]
[TimeControl "180+1"]
[EndTime "10:38:09 PDT"]
[Termination "GMJustin won on time"]

1. e4 e5 2. Nf3 Nc6 3. Bc4 Bc5 4. b4 Bb6 5. Bb2 d6 6. b5 Na5 7. Be2 Nf6 8. Nc3 O-O 9. O-O h6 10. a4 Re8 11. d3 a6 12. Nd2 d5 13. exd5 Nxd5 14.
Nxd5 Qxd5 15. Bf3 Qd8 16. Re1 Bd4 17. Bxd4 Qxd4 18. Qe2 Bf5 19. Qe3 Rad8 20. Qxd4 Rxd4 21. bxa6 bxa6 22. Ne4 Bxe4 23. Bxe4 c5 24. c3 Rd6 25. Rab1 c4 26. dxc4 Nxc4 27. Rb7 Nd2 28. Bc2 g6 29. f3 Kg7 30. Re3 Kf6 31. Kf2 Rc8 32. Ra7 Nc4 33.
Re2 1-0

[Event "*** Titled Tuesday Blitz"]
[Site "Chess.com"]
[Date "2021.04.20"]
[Round "4"]
[White "mr65"]
[Black "Keks2017"]
[Result "0-1"]
[WhiteElo "2132"]
[BlackElo "2474"]
[TimeControl "180+1"]
[EndTime "10:38:10 PDT"]
[Termination "Keks2017 won on time"]

1. e4 c5 2. Nf3 d6 3. d4 cxd4 4. Nxd4 Nf6 5. Nc3 a6 6. f4 e6 7.
Bd3 Qc7 8. a4 Nbd7 9. Nf3 Nc5 10.
O-O Nxd3 11. cxd3 Be7 12. d4 O-O 13. e5 dxe5 14. fxe5 Nd5 15. Ne4 Bd7 16. Bg5 Rad8 17. Qd3 h6 18. Bxe7 Nxe7 19. Nfg5 Ng6 20. Nxf7 Rxf7 21. Rxf7 Nxe5 22. dxe5 Kxf7 23. Rf1+ Kg8 24.
Qd6 Qxd6 25. Nxd6 Bxa4 26. Rc1 Bc6 27. g3 Rf8 28. Nc4 Rf3 29. Na5 Bd5 30. Rc7 Re3 31. Nxb7 Rxe5 32. Nd8 Re2 33. Kf1 Rxh2 34. Ke1 Rxb2 35. Kd1 a5 36. Re7 Rg2 37. Nf7 Rxg3 38. Ne5 a4 0-1